[Event "VIII Open Semana Santa 2024"]
[Site "San Vicente del Raspeig"]
[Date "2024.03.31"]
[Round "7.14"]
[White "Diaz Perez, Michel Alejandro"]
[Black "Colbow, Collin"]
[Result "0-1"]
[ECO "D37"]
[WhiteElo "2464"]
[BlackElo "2373"]
[Annotator "TA"]
[PlyCount "78"]
[EventDate "2024.03.27"]
[EventType "swiss"]
[EventCountry "ESP"]
[SourceTitle "playchess.com"]
[Source "ChessBase"]
[SourceQuality "1"]
[TimeControl "5400+30"]

1. d4 Nf6 2. c4 e6 3. Nf3 d5 4. Nc3 Be7 5. Bf4 O-O 6. e3 c5 7. dxc5 Bxc5 8. cxd5 Nxd5 9. Nxd5 exd5 10. Bd3 Bb4+ 11. Ke2 Nc6 12. Qc2 Re8 (12... h6 $11 {keeps the balance.}) 13. Bxh7+ $16 Kh8 {[%emt 0:02:22] [#]} 14. Rhd1 (14. Kf1 $1 $16) 14... g6 $11 {[%emt 0:04:39] The position is equal.} 15. Bxg6 Qf6 16. Bxf7 Qxf7 17. Ng5 $36 {[%emt 0:05:38][%mdl 2048] White fights for an advantage.} Qh5+ (17... Qxf4 18. Qh7#) 18. f3 {[%emt 0:03:19][%cal Og2g4] [#] aiming for g4!} d4 19. g4 $1 Bxg4 20. fxg4 Qxg4+ (20... Rxe3+ $5 21. Bxe3 (21. Kf1 Qh4 $17) 21... Qxh2+ 22. Bf2 Re8+ 23. Qe4 (23. Ne4 $2 Qg2 $19) 23... Rxe4+ 24. Nxe4 Qg2 $19) 21. Kf1 Qh5 {[%emt 0:01:25] Wards off Qh7+. Strongly threatening ...Rg8.} 22. Qe2 (22. exd4 $2 Rf8 23. Ne6 (23. Qf2 $2 Rxf4 24. Qxf4 Rf8 $19) 23... Qh3+ 24. Kg1 Qxe6 $19) 22... Qh4 (22... Qg6 $14) 23. Rac1 (23. Kg1 $16 Re7 24. Kh1) 23... dxe3 (23... Re7 $11 {remains equal.} 24. Rxc6 bxc6 25. Rxd4 Rf8) 24. Rc4 ({White should play} 24. Bxe3 $16 {Hoping for Rc4.} Rxe3 25. Qxe3 Rf8+ 26. Kg2) 24... Rf8 $1 {[%emt 0:01:27][%csl LRf4,LRg5] The board is on fire.} (24... Qf2+ 25. Qxf2 exf2 26. Kxf2) 25. Kg2 $2 {[%emt 0:01:07] White is on the road to losing.} Rxf4 $19 ({Don't blunder} 25... Qxg5+ $2 26. Bxg5 Rf2+ 27. Qxf2 exf2 28. Bf6+ (28. Kxf2 Rf8+ 29. Kg2 Rf7 $18) 28... Kh7 29. Rd7+ (29. Kxf2 Rf8 $18) 29... Kg6 30. Rf4 (30. Rxb7 Na5 $18) 30... f1=Q+ 31. Kxf1 $18) 26. Rxf4 Qxg5+ (26... Qxf4 $2 {loses.} 27. Qh5+ Kg7 28. Ne6+ Kf6 29. Nxf4 $18) 27. Kh3 $2 (27. Rg4 Qxg4+ 28. Qxg4) 27... Qxf4 28. Qh5+ Kg7 29. Rg1+ Kf6 30. Rg6+ Ke7 31. Qh7+ Ke8 {[%emt 0:01:36] ( -> ...Qf3+)} ({Less strong is} 31... Qf7 32. Rg7 Rf8 33. Qe4+ Kd8 34. Rxf7 Rxf7 35. Qxe3 $19) 32. Qxb7 Qf5+ {[%emt 0:02:00] Black mates.} 33. Rg4 Rc8 34. a3 Ne5 35. Qb5+ Rc6 36. Qb8+ Kd7 37. Qb7+ Ke6 38. Qxb4 Qxg4+ 39. Qxg4+ Nxg4 {[%emt 0:00:16] Weighted Error Value: White=0.83/Black=0.14 (very precise) .  Loses game:     	White=1     	---        Mistake:       	White=4     	Black=2      Inaccurate:     	---       	Black=1      OK:         	White=6     	Black=6      Best:        	White=2     	Black=3      Strong:       	White=1     	Black=1} 0-1

[Event "VIII Open Semana Santa 2024"]
[Site "San Vicente del Raspeig"]
[Date "2024.03.31"]
[Round "7.15"]
[White "Niedbala, Bartlomiej"]
[Black "Garriga Cazorla, Pere"]
[Result "1/2-1/2"]
[ECO "B67"]
[WhiteElo "2388"]
[BlackElo "2460"]
[Annotator "TA"]
[PlyCount "59"]
[EventDate "2024.03.27"]
[EventType "swiss"]
[EventCountry "ESP"]
[SourceTitle "playchess.com"]
[Source "ChessBase"]
[SourceQuality "1"]
[TimeControl "5400+30"]

1. e4 c5 2. Nf3 d6 3. d4 cxd4 4. Nxd4 Nf6 5. Nc3 Nc6 6. Bg5 Bd7 7. Qd2 a6 8. O-O-O e6 9. Kb1 Be7 10. Nxc6 Bxc6 11. f3 b5 12. Bd3 Rc8 13. h4 h6 14. Be3 d5 {[%emt 0:15:42] White must now prevent ...d4.} 15. e5 d4 (15... Nd7 $11) 16. exf6 $16 Bxf6 {[%emt 0:00:11] [#]} 17. Bxb5 $1 dxc3 (17... axb5 18. Bxd4) 18. Qxd8+ (18. Bxc6+ {simplifies} Rxc6 19. Qxd8+ Bxd8 20. b4) 18... Bxd8 19. Bxa6 {[%emt 0:02:40] White is more active.} (19. Bxc6+ {simplifies} Rxc6 20. b4 Bb6 21. Bxb6 Rxb6 22. Rd4) 19... Ra8 20. Bc4 {[%emt 0:00:23] And now b3 would win.} cxb2 21. Bd4 Bf6 (21... O-O $11) 22. Bxf6 $14 gxf6 23. Rd6 Rc8 {[%emt 0:04:11] [#]} 24. Rxc6 $1 Rxc6 $16 {[%emt 0:00:05][%mdl 4096] Endgame. KRR-KRB} 25. Bb5 Kd7 26. Rd1+ (26. Bxc6+ Kxc6 27. Kxb2 Rb8+ 28. Kc3 Ra8) (26. g4 $5) 26... Kc7 27. Bxc6 Kxc6 28. Kxb2 Rb8+ 29. Kc3 Ra8 30. Kb3 {[%emt 0:01:18] Weighted Error Value: White=0.12 (very precise) /Black=0.18 (very precise) .  Mistake:       	---       	Black=2      Inaccurate:     	White=4     	Black=1      OK:         	White=9     	Black=6      Best:        	White=1     	Black=1      Brilliant:      	White=1     	---} 1/2-1/2

[Event "VIII Open Semana Santa 2024"]
[Site "San Vicente del Raspeig"]
[Date "2024.03.31"]
[Round "7.16"]
[White "Cesar Maestre, Bernardo"]
[Black "Agmanov, Zhandos"]
[Result "1/2-1/2"]
[ECO "B52"]
[WhiteElo "2381"]
[BlackElo "2458"]
[Annotator "TA"]
[PlyCount "23"]
[EventDate "2024.03.27"]
[EventType "swiss"]
[EventCountry "ESP"]
[SourceTitle "playchess.com"]
[Source "ChessBase"]
[SourceQuality "1"]
[TimeControl "5400+30"]

1. e4 c5 2. Nf3 d6 3. Bb5+ Bd7 4. Bxd7+ Nxd7 5. O-O e6 6. b3 Ngf6 7. Re1 Be7 8. Bb2 O-O {[%emt 0:01:04] The position is equal.} 9. d3 a6 10. Nbd2 Rc8 11. e5 Ne8 12. exd6 {[%emt 0:00:44] Not much happened in this game.   Weighted Error Value: White=0.11 (very precise) /Black=0.06 (flawless) .  OK:         	White=1     	Black=1} 1/2-1/2

[Event "VIII Open Semana Santa 2024"]
[Site "San Vicente del Raspeig"]
[Date "2024.03.31"]
[Round "7.17"]
[White "Campora, Daniel H."]
[Black "Marin, Mihail"]
[Result "0-1"]
[ECO "A49"]
[WhiteElo "2372"]
[BlackElo "2456"]
[Annotator "TA"]
[PlyCount "76"]
[EventDate "2024.03.27"]
[EventType "swiss"]
[EventCountry "ESP"]
[SourceTitle "playchess.com"]
[Source "ChessBase"]
[SourceQuality "1"]
[TimeControl "5400+30"]

1. Nf3 Nf6 2. b3 g6 3. Bb2 Bg7 4. g3 O-O 5. Bg2 d6 6. d4 Nbd7 7. O-O c6 8. Nbd2 Qc7 9. a4 Re8 10. a5 Rb8 11. Re1 b5 {[%emt 0:06:02] The position is equal.} 12. axb6 axb6 13. e4 e5 14. c4 Nf8 15. Qc2 N6d7 16. b4 Bb7 17. dxe5 dxe5 18. Bh3 Ne6 19. c5 bxc5 20. Bxe6 Rxe6 21. bxc5 Bf8 22. Nb3 Qc8 23. Red1 Re7 24. Ra7 Ba6 25. Kg2 Rb7 26. Rxa6 Rxb3 $1 27. Ra7 Rb5 28. Bc1 Nxc5 29. Rxe7 Bxe7 30. Nxe5 Qe6 {[%emt 0:00:36] Prevents Qc4} 31. Nf3 {[%emt 0:01:09] [#] Nd4 would now be deadly.} Qxe4 32. Qxe4 Nxe4 33. Re1 f5 34. Nd4 Bb4 35. Re2 Rb6 36. f3 Nd6 37. Bf4 {[%emt 0:00:11] [#]} ({Better is} 37. Be3 $15 c5 38. Ne6) 37... Bc3 (37... Nb5 $1 $17 38. Nc2 Bf8) 38. Ne6 $15 Nf7 {[%emt 0:05:28][%mdl 32768] Weighted Error Value: White=0.08 (flawless) /Black=0.06 (flawless) .  Mistake:       	White=1     	Black=1      Inaccurate:     	White=2     	Black=2      OK:         	White=14    	Black=11     Best:        	---       	Black=2      Strong:       	---       	Black=1     . Loss on time!?} 0-1

[Event "VIII Open Semana Santa 2024"]
[Site "San Vicente del Raspeig"]
[Date "2024.03.31"]
[Round "7.18"]
[White "Levin, Guy"]
[Black "Tippa, Aswath Srisai"]
[Result "1-0"]
[ECO "A17"]
[WhiteElo "2452"]
[BlackElo "1647"]
[Annotator "RC"]
[PlyCount "105"]
[EventDate "2024.03.27"]
[EventType "swiss"]
[EventCountry "ESP"]
[SourceTitle "playchess.com"]
[Source "ChessBase"]
[SourceQuality "1"]
[TimeControl "5400+30"]

1. c4 e6 2. Nc3 d5 3. d4 Nf6 4. cxd5 exd5 5. g3 c6 6. Bg2 Bd6 7. Bf4 O-O 8. Nf3 Bf5 9. Bxd6 Qxd6 10. Nh4 Be6 11. O-O Nbd7 12. e3 Nb6 13. Qc2 Qd7 14. Rfc1 Rfe8 15. Bf1 Nc4 16. Na4 Nd6 17. Nc5 Qc8 18. Bd3 g6 19. Rab1 Bh3 20. b4 Kg7 21. a4 a6 22. Qb2 Qg4 23. Ng2 Bxg2 24. Kxg2 Re7 25. h3 Qg5 26. h4 Qg4 27. Qe2 Qxe2 28. Bxe2 Nfe8 29. b5 axb5 30. axb5 Ra2 31. bxc6 bxc6 32. Kf1 Nf6 33. Nd3 Nfe4 34. Nb4 Ra3 35. Ra1 Rxa1 36. Rxa1 Re6 37. Kg2 h5 38. Rc1 Rf6 39. f3 Nf5 40. fxe4 Nxe3+ 41. Kg1 dxe4 42. Rxc6 Nf5 43. Rxf6 Kxf6 44. Nd5+ Ke6 45. Bc4 Nxg3 46. Kf2 Nf5 47. Ne3+ Kf6 48. Nxf5 Kxf5 49. Bxf7 g5 50. hxg5 h4 51. g6 h3 52. g7 h2 53. Kg2 1-0

[Event "VIII Open Semana Santa 2024"]
[Site "San Vicente del Raspeig"]
[Date "2024.03.31"]
[Round "7.19"]
[White "Labiano Hernandez, Juan"]
[Black "Gkoumas, Georgios"]
[Result "1/2-1/2"]
[ECO "A45"]
[WhiteElo "2362"]
[BlackElo "2445"]
[Annotator "RC"]
[PlyCount "159"]
[EventDate "2024.03.27"]
[EventType "swiss"]
[EventCountry "ESP"]
[SourceTitle "playchess.com"]
[Source "ChessBase"]
[SourceQuality "1"]
[TimeControl "5400+30"]

1. d4 Nf6 2. Bf4 b6 3. f3 e6 4. e4 d5 5. e5 Nfd7 6. c3 c5 7. Bb5 a6 8. Bd3 Nc6 9. Ne2 f6 10. Qc2 fxe5 11. Bg6+ hxg6 12. Qxg6+ Ke7 13. dxe5 Ncxe5 14. Bxe5 Nxe5 15. Qg5+ Kd7 16. Qxe5 Qf6 17. Qe3 Bd6 18. Nd2 Bb7 19. O-O-O Kc7 20. c4 Be5 21. Qb3 g5 22. Nc3 Bxc3 23. Qxc3 Qxc3+ 24. bxc3 b5 25. Rhe1 bxc4 26. Rxe6 Rae8 27. Rg6 Rxh2 28. Rxg5 Re2 29. Rg1 Bc6 30. f4 Rh4 31. Rf1 Re3 32. Nb1 Rh7 33. f5 Rhe7 34. g4 Re1+ 35. Rxe1 Rxe1+ 36. Kb2 Re2+ 37. Ka3 Rf2 38. Rg7+ Bd7 39. Rg6 Rf1 40. Nd2 Rf2 41. Nb1 Rf1 42. Nd2 Rf2 43. Nb1 a5 44. f6 Kd6 45. f7+ Be6 46. Ka4 Rxf7 47. Na3 Ke5 48. Nb5 Rf4 49. Kxa5 d4 50. Rg5+ Kf6 51. Rxc5 d3 52. Rc6 Ke7 53. Rc7+ Bd7 54. Rc5 Rxg4 55. Rd5 Be6 56. Rd4 Rg2 57. Nd6 Rxa2+ 58. Kb4 Rb2+ 59. Kc5 Rb8 60. Ne4 Rc8+ 61. Kb4 Rc7 62. Nd2 Kf6 63. Ka3 Rb7 64. Ka2 Rb5 65. Ka3 Rb6 66. Rf4+ Ke5 67. Re4+ Kf5 68. Rd4 Rb5 69. Ka2 Bd5 70. Ka3 Ke5 71. Rh4 Rb8 72. Rh5+ Kd6 73. Rg5 Kc6 74. Rf5 Re8 75. Kb4 Rb8+ 76. Ka3 Re8 77. Kb4 Re2 78. Rf6+ Kd7 79. Kc5 Rxd2 80. Rd6+ 1/2-1/2

[Event "VIII Open Semana Santa 2024"]
[Site "San Vicente del Raspeig"]
[Date "2024.03.31"]
[Round "7.20"]
[White "Schulman, Julia"]
[Black "Fernandez Lopez, Francisco J."]
[Result "1/2-1/2"]
[ECO "B03"]
[WhiteElo "1732"]
[BlackElo "1903"]
[Annotator "TA"]
[PlyCount "102"]
[EventDate "2024.03.27"]
[EventType "swiss"]
[EventCountry "ESP"]
[SourceTitle "playchess.com"]
[Source "ChessBase"]
[SourceQuality "1"]
[TimeControl "5400+30"]

1. e4 Nf6 2. e5 Nd5 3. d4 d6 4. Bc4 Nb6 5. Bb3 g6 (5... a5 $11) 6. Qe2 d5 7. Nf3 Bg7 8. h4 {[%emt 0:01:26] White is better.} Bg4 9. Bf4 Nc6 {[%emt 0:01:11] ...Nxd4 is the strong threat.} 10. c3 Qd7 11. Qe3 Bxf3 12. Qxf3 O-O-O 13. Nd2 f6 14. exf6 Bxf6 15. O-O-O e5 16. dxe5 Bxe5 17. Bxe5 Nxe5 18. Qg3 Qf5 19. Bc2 {[%emt 0:00:52] Wards off Nd3+} Qf6 20. h5 g5 21. h6 Nf7 22. Rde1 {[%emt 0:06:35] Hoping for Qh3+.} Kb8 23. Qf3 (23. Nf3 {feels hotter.} Nc4 24. Nd4 Rhe8 25. Rxe8 Rxe8 26. Qf3) 23... Rd6 24. Qxf6 Rxf6 25. f3 Nc8 26. Rh5 c6 27. c4 dxc4 28. Ne4 {[%emt 0:01:21] Inhibits Ncd6.} Re6 29. Rd1 Rg6 $2 (29... Nb6 $11 {and Black has nothing to worry.}) 30. Nc5 (30. Rd7 $18 Rxh6 31. Rxh6 Nxh6 32. Nc5 (32. Nxg5 Rg8 $18)) 30... Rd6 $16 {[%emt 0:02:10] [#]} (30... Rxh6 $2 31. Rxh6 Nxh6 32. Rd7 $18) 31. Rxd6 $1 Ncxd6 {[%emt 0:00:11] [#]} 32. Nd7+ (32. Ne6 $1 $16 g4 33. fxg4) 32... Kc7 $11 33. Nf6 Kd8 (33... Nc8 $11) 34. Nxh7 $16 {[%emt 0:00:59] White is much more active.} (34. Bxh7 $2 Ke7 35. Ng8+ Ke6 $19) 34... Ke7 35. Nxg5 (35. g4 $14 {is more appropriate.}) 35... Nxg5 $11 36. Rxg5 Rxh6 $14 {[%emt 0:00:09][%mdl 4096] Endgame. KRB-KRN} 37. Rg7+ Ke6 38. Rg6+ Rxg6 39. Bxg6 $11 {[%emt 0:00:05] KB-KN} Kf6 40. Bc2 Ke5 41. g3 b5 (41... Nf5 $1 $11) 42. f4+ (42. Kd2 $14) 42... Kf6 ({Black should try} 42... Kd4 $11) 43. g4 $14 b4 44. g5+ Ke6 45. Kd2 c5 46. Ke3 a5 47. Kf3 Nf5 {[%emt 0:00:38] Threatens to win with ...Nd4+.} 48. Bxf5+ ({White should play} 48. Ke4 $14) 48... Kxf5 $11 {[%emt 0:00:11] The position is equal.} 49. Ke2 a4 (49... Kxf4 $2 {loses.} 50. g6 Ke4 51. g7 $18) 50. Kd2 Kg6 (50... Kxf4 $2 {too greedy.} 51. g6 $18) 51. Kc2 Kf5 {[%emt 0:00:12] Weighted Error Value: White=0.16 (very precise) /Black=0.19 (very precise) .  Loses game:     	---       	Black=1      Mistake:       	White=5     	Black=3      Inaccurate:     	White=3     	Black=2      OK:         	White=15    	Black=18     Best:        	White=1     	Black=4      Strong:       	White=1     	---} 1/2-1/2

[Event "VIII Open Semana Santa 2024"]
[Site "San Vicente del Raspeig"]
[Date "2024.03.31"]
[Round "8.1"]
[White "Piorun, Kacper"]
[Black "Alekseenko, Kirill"]
[Result "1/2-1/2"]
[WhiteElo "2599"]
[BlackElo "2650"]
[Annotator "TA"]
[PlyCount "17"]
[EventDate "2024.03.27"]
[EventType "swiss"]
[EventCountry "ESP"]
[SourceTitle "playchess.com"]
[Source "ChessBase"]
[SourceQuality "1"]
[TimeControl "5400+30"]

1. e4 e5 2. Nf3 Nc6 3. Nc3 Nf6 4. d4 exd4 5. Nxd4 Bb4 6. Nxc6 bxc6 7. Bd3 $1 {[%emt 0:00:13] Die Stellung ist ausgeglichen.} O-O ({Ein No Go ist} 7... Bxc3+ 8. bxc3 Qe7 9. O-O $14) 8. O-O d5 9. exd5 {[%emt 0:00:34] Ein ziemlich ruhiges Remis.   Gewichteter Fehlerwert: Weiß=0.00 (makellos) /Schwarz=0.04 (makellos) .  OK:         	---       	Schwarz=1} 1/2-1/2

[Event "VIII Open Semana Santa 2024"]
[Site "San Vicente del Raspeig"]
[Date "2024.03.31"]
[Round "8.2"]
[White "Muthaiah AL"]
[Black "Yuffa, Daniil"]
[Result "1/2-1/2"]
[ECO "D02"]
[WhiteElo "2454"]
[BlackElo "2606"]
[Annotator "TA"]
[PlyCount "127"]
[EventDate "2024.03.27"]
[EventType "swiss"]
[EventCountry "ESP"]
[SourceTitle "playchess.com"]
[Source "ChessBase"]
[SourceQuality "1"]
[TimeControl "5400+30"]

1. d4 Nf6 2. Nf3 d5 3. Bf4 c5 4. e3 Nc6 5. Nbd2 e6 6. c3 Be7 {[%emt 0:00:43] 6...cxd4 is becoming the main line.} 7. h3 Bd6 {[%emt 0:00:38] D02: 1 d4 d5 2 Nf3 sidelines, including 2...Nf6 3 g3 and 2...Nf6 3 Bf4.} 8. dxc5 Bxc5 9. Bd3 O-O 10. O-O h6 11. e4 Bd7 $146 ({Predecessor:} 11... dxe4 12. Nxe4 Be7 13. Nxf6+ Bxf6 14. Be4 Qb6 15. Qb3 Be7 16. Qxb6 axb6 17. Be3 Bc5 18. Bxc5 bxc5 19. Bxc6 bxc6 {0-1 Hambleton,A (2436)-Esipenko,A (2692) Titled Tuesday intern op 09th Aug Late blitz 2022 (6)}) 12. exd5 exd5 13. Nb3 Bb6 14. Re1 Re8 15. Nbd4 Ne4 16. Qb3 Qf6 17. Be3 Rad8 18. Qc2 Qg6 19. Nxc6 bxc6 20. Nh4 Qf6 21. Bxb6 axb6 22. Bxe4 dxe4 23. Rxe4 g5 24. Rxe8+ Rxe8 25. Nf3 Bxh3 $1 26. Re1 Rd8 (26... Rxe1+ {simplifies} 27. Nxe1 Be6 28. a3 Kg7) 27. Rd1 Re8 28. Re1 Rd8 (28... Rxe1+ {simplifies} 29. Nxe1 Be6 30. a3 Qf5) 29. Rd1 Ra8 30. Qe4 Bf5 31. Qd4 Qxd4 32. Nxd4 Bd7 33. Nf3 Be8 34. a3 f6 {[%emt 0:01:45] [#]} (34... Kf8 $11) 35. Rd6 $1 $16 Kf7 36. Nd4 Rc8 {[%emt 0:01:08] [#]} 37. g4 $1 Rc7 38. Nf5 h5 39. gxh5 Bd7 40. Ng3 Ke7 41. Rd1 Be6 42. f3 Rc8 43. Kf2 Rg8 44. Rh1 (44. a4 $16) 44... Kf7 $14 45. Ne4 Rd8 ({Black should play} 45... f5 $14 46. Ng3 Rd8) 46. h6 (46. Kg3 $16) 46... Kg6 $1 $11 47. h7 Rh8 48. Nd6 Rxh7 49. Rxh7 Kxh7 50. c4 c5 51. b4 cxb4 $1 52. axb4 Kg6 53. b5 f5 54. c5 bxc5 55. b6 Bd5 $1 56. b7 Bxb7 $1 57. Nxb7 c4 58. Nc5 c3 59. Ke3 Kh5 60. Kd3 g4 61. fxg4+ fxg4 62. Ne4 g3 63. Nxg3+ Kg4 64. Kxc3 1/2-1/2

[Event "VIII Open Semana Santa 2024"]
[Site "San Vicente del Raspeig"]
[Date "2024.03.31"]
[Round "8.3"]
[White "Badelka, Olga"]
[Black "Kourkoulos-Arditis, Stamatis"]
[Result "0-1"]
[ECO "E69"]
[WhiteElo "2377"]
[BlackElo "2556"]
[Annotator "TA"]
[PlyCount "70"]
[EventDate "2024.03.27"]
[EventType "swiss"]
[EventCountry "ESP"]
[SourceTitle "playchess.com"]
[Source "ChessBase"]
[SourceQuality "1"]
[TimeControl "5400+30"]

1. d4 Nf6 2. c4 g6 3. Nc3 Bg7 4. Nf3 O-O 5. g3 d6 6. Bg2 Nbd7 7. O-O e5 8. e4 exd4 9. Nxd4 Re8 10. Re1 Nc5 11. h3 h6 12. Rb1 c6 13. b3 a5 14. Bb2 a4 15. b4 (15. bxa4 Nfd7 $15) (15. Nxa4 Nfxe4 16. h4 h5 $15) 15... a3 16. Ba1 {[%emt 0:00:06] White is slightly better.} Ne6 17. Nc2 h5 (17... Ng5 $11) 18. Qd2 ({White should play} 18. Ne2 $1 $14) 18... h4 $11 19. g4 (19. gxh4 $2 {perishes.} Nh5 20. e5 dxe5 (20... Bxe5 $2 21. Ne4 $19) 21. Qxd8 Rxd8 $19) 19... Nd7 20. Qxd6 (20. f4 $14) 20... Ne5 $15 21. Qxd8 Rxd8 22. Ne3 Nf4 {[%emt 0:04:04] aiming for ...Ned3.} 23. Ne2 Nxg2 (23... Nfd3 $1 $17 24. Red1 Be6) 24. Kxg2 $11 Be6 $36 {[%emt 0:00:04][%mdl 2048] Black is pushing.} 25. Bxe5 Bxe5 26. f4 Rd3 27. Kf2 Bb2 {[%emt 0:01:24] Black is much more active.} ({Better is} 27... Bg7 $1 $15 28. Rbd1 Rad8 29. Rxd3 Rxd3) 28. f5 $2 {[%emt 0:00:11] [#]} (28. Rbd1 $14 {keeps the upper hand.} Rxe3 (28... Rad8 29. Rxd3 Rxd3 30. f5 $16) 29. Kxe3) 28... Rxe3 $1 $17 29. Kxe3 Bxc4 30. Nc1 {[%emt 0:12:31] [#]} (30. Rbc1 $17 Bxa2 (30... Bxc1+ 31. Nxc1 Rd8 32. Kf4 $15) 31. Rc2) 30... Rd8 $1 $19 31. Re2 $2 (31. Kf4) 31... Rd1 {[%emt 0:03:26] ...Bd4+ is the strong threat.} 32. Rc2 b5 {[%emt 0:00:07] Black is clearly winning.} ({Less strong is} 32... Bxa2 33. Rbxb2 axb2 34. Rxb2 $17) 33. e5 (33. fxg6 $142 fxg6 34. Kf4) 33... Bxe5 {[%emt 0:03:30] ...g5 would now be deadly. This pair of bishops is nice.} 34. Rd2 Re1+ 35. Kf2 Rh1 {[%emt 0:00:10] Weighted Error Value: White=0.61/Black=0.24 (precise) .  Mistake:       	White=6     	Black=3      Inaccurate:     	White=2     	---        OK:         	White=8     	Black=9      Best:        	White=1     	Black=3      Brilliant:      	---       	Black=1} 0-1

[Event "VIII Open Semana Santa 2024"]
[Site "San Vicente del Raspeig"]
[Date "2024.03.31"]
[Round "8.4"]
[White "Ivanchuk, Vasyl"]
[Black "Minzer, Claudio Javier"]
[Result "1/2-1/2"]
[ECO "B36"]
[WhiteElo "2625"]
[BlackElo "2398"]
[Annotator "TA"]
[PlyCount "106"]
[EventDate "2024.03.27"]
[EventType "swiss"]
[EventCountry "ESP"]
[SourceTitle "playchess.com"]
[Source "ChessBase"]
[SourceQuality "1"]
[TimeControl "5400+30"]

1. e4 c5 2. Nf3 Nc6 3. d4 cxd4 4. Nxd4 g6 5. c4 Nf6 6. Nc3 d6 7. h3 Nxd4 8. Qxd4 Bg7 9. Bg5 O-O (9... Qa5 {is interesting.} 10. Bd2 O-O 11. Nd5 Qd8) 10. Qd2 Be6 11. Rc1 a6 12. b3 Qa5 13. Bd3 Rfc8 14. Nd5 Qxd2+ 15. Kxd2 Bxd5 16. exd5 h6 17. Be3 Nd7 18. g4 Nc5 19. Bc2 a5 20. a4 Re8 21. Rcd1 b6 22. Ke2 Rad8 23. Kf3 Rb8 24. h4 Rb7 25. Rh3 Rbb8 26. Kg2 Rbd8 27. f4 e6 28. dxe6 Rxe6 29. f5 gxf5 30. Bxf5 Re5 31. Kf2 Rde8 32. Bc2 {[%emt 0:00:14] This pair of bishops is nice.} (32. Rxd6 $2 {too greedy.} Rxf5+ (32... Nxb3 33. Rd5 $11) 33. gxf5 Ne4+ (33... Nxb3 $2 34. Rg3 $18) 34. Kf1 Nxd6 $19) (32. Bf4 $1 $14) 32... R5e6 (32... Bf6 $11) 33. Rf3 (33. g5 $14) 33... Bf6 $11 {[%emt 0:02:34] The position is equal.} 34. Rh1 (34. Bxh6 $2 {loses.} Bxh4+ 35. Kf1 Rxh6 $19) 34... Rxe3 35. Rxe3 Bd4 36. Rhe1 f6 37. Kf3 Bxe3 38. Rxe3 {[%emt 0:00:01][%mdl 4096] Endgame. KRB-KRN} Re5 39. Re2 Kf7 40. Rd2 Ke7 41. Rd1 Ne6 42. Bf5 Nc5 43. Rb1 Kd8 44. Bc2 Ne6 45. Rd1 {[%emt 0:00:18] Prevents Nd4+} Ke7 46. Kf2 Nc5 47. Rg1 Ne6 48. Rg3 Nc5 49. Rf3 Ne6 50. Rd3 {[%emt 0:04:09] Wards off Nd4} Nc5 51. Rd1 Ne6 52. Rd5 Nc5 53. Rd2 Ne6 {[%emt 0:00:08] Weighted Error Value: White=0.08 (flawless) /Black=0.07 (flawless) .  Mistake:       	White=2     	Black=1      Inaccurate:     	White=2     	Black=2      OK:         	White=12    	Black=24     Best:        	---       	Black=2} 1/2-1/2